 Dungeon Crawl Stone Soup version 0.31-a0-354-g827e0957a7 (webtiles) character file.

Game seed: 14385686918884685552

119 truemonolith the Magician (level 4, -10/24 HPs)
             Began as a Deep Elf Conjurer on July 23, 2023.
             Killed from afar by an orc wizard (14 damage)
             ... with a puff of flame
             ... on level 2 of the Dungeon.
             The game lasted 00:06:26 (2597 turns).

truemonolith the Magician (Deep Elf Conjurer)       Turns: 2597, Time: 00:06:26

Health: -10/24     AC:  2    Str:  4    XL:     4   Next: 73%
Magic:  6/14       EV: 12    Int: 31    God:
Gold:   85         SH:  0    Dex: 13    Spells: 14/15 levels left

rFire   . . .        (no weapon)
rCold   . . .        (no shield)
rNeg    . . .        a - +0 robe
rPois   .            (no helmet)
rElec   .            (no cloak)
rCorr   .            (no gloves)
SInv    .            (no boots)
Will    .....        (no amulet)
Stlth   ++           f - +6 ring of intelligence
HPRegen 0.24/turn    (no ring)
MPRegen 0.14/turn

%: no passive effects
@: no status effects
A: no striking features
a: no special abilities


You were on level 2 of the Dungeon.
You visited 1 branch of the dungeon, and saw 3 of its levels.

You collected 85 gold pieces.

Inventory:

Armour
 a - a +0 robe (worn)
Jewellery
 f - a +6 ring of intelligence (left hand)
 i - a ring of protection from fire
 j - a ring of see invisible
Scrolls
 d - a scroll of fog {unknown}
 e - 2 scrolls of identify {unknown}
 h - a scroll of brand weapon {unknown}
 l - a scroll of vulnerability {unknown}
 o - a scroll of teleportation
Potions
 b - a potion of magic
 c - a potion of curing
 g - a potion of attraction {unknown}
 k - a potion of degeneration {unknown}
 m - 2 potions of mutation {unknown}
 n - a potion of brilliance {unknown}


   Skills:
 - Level 2.7 Dodging
 - Level 2.8 Stealth
 + Level 0.6 Unarmed Combat
 + Level 6.1 Spellcasting
 - Level 4.5 Conjurations


You had 14 spell levels left.
You knew the following spells:

 Your Spells              Type           Power      Damage    Failure   Level
a - Magic Dart            Conj           100%       1d8       1%          1

Your spell library contained the following spells:

 Spells                   Type           Power      Damage    Failure   Level
 Searing Ray              Conj           74%        2d7       1%          2
 Slow                     Hex            36%        N/A       4%          1
 Dazzling Flash           Conj/Hex       46%        N/A       6%          3
 Hailstorm                Conj/Ice       23%        3d7       6%          3
 Confusing Touch          Hex            9%         N/A       14%         3
 Vampiric Draining        Necr           9%         2d6       14%         3
 Fulminant Prism          Conj/Hex       11%        3d9       19%         4
 Iskenderun's Mystic Bla  Conj/Tloc      23%        2d6       19%         4
 Summon Ice Beast         Ice/Summ       9%         N/A       43%         4
 Simulacrum               Ice/Necr       4%         N/A       100%        6


Dungeon Overview and Level Annotations

Branches:
Dungeon (3/15)

Altars:

Shops:
D:1 !


Message History

Deactivating autopickup; reactivate with Ctrl-A.
Something hits you but does no damage.
Casting: Magic Dart (safe; 1% risk of failure)
Confirm with . or Enter, or press ? or * to list all spells.
You can't see any susceptible monsters within range! (Use Z to cast anyway.)
Something hits you.
You hear some strange, mumbled words.
Something tries to affect you, but you resist.
You hear some strange, mumbled words.
You are confused.
A magic dart appears from out of thin air!
The magic dart hits you!
* * * LOW HITPOINT WARNING * * *
You are too confused!
Unknown command.
You are too confused!
You're too confused to move!
You feel less confused.
You hear some strange, mumbled words.
You are confused.
You bump into the rock wall.
Something hits you.
* * * LOW HITPOINT WARNING * * *
Something barely misses you.
You hear some strange, mumbled words.
Something tries to affect you, but you resist.
You feel less confused.
An orc wizard appears from thin air!
Reactivating autopickup.
Casting: Magic Dart (safe; 1% risk of failure)
Confirm with . or Enter, or press ? or * to list all spells.
Aiming: Magic Dart (safe; 1% risk of failure)
Press: ? - help, Shift-Dir - straight line, f - orc wizard
Aim: an orc wizard, wielding a +0 dagger and wearing a +0 robe (100% to hit)
The magic dart hits the orc wizard.
The orc wizard is lightly wounded.
The orc wizard casts a spell at you. The puff of flame hits you!
Ouch! That really hurt!
You die...

#...# ############### #...#
#>............# #...#
#.###....#....## #...#
#...#<....##...## #...#
##..#.....###...### #...#
###............o..######...######
#......................(.........
#........#####..@..#####...######
#........## #.....# #...# ####
#.........# #.....#####...# #...
#.........# #........##...# #.#.
#.........# #........###### #<#.
####......# #.............# ###.
#......# #....#........# #.
#...†..# ######........# ##
#......## ######...##


You could see an orc wizard.

Vanquished Creatures
  An orc wizard (D:3)
  3 gnolls (D:3)
  An adder (D:3)
  A worm (D:2)
  A dart slug (D:1)
  3 orcs (D:3)
  2 bats
  2 endoplasms
  2 giant cockroaches (D:3)
  6 goblins
  4 hobgoblins
  6 jackals
  5 kobolds
  3 ball pythons
  A frilled lizard (D:2)
  4 rats
45 creatures vanquished.

Notes
Turn   | Place    | Note
-------+----------+-------------------------------------------
     0 | D:1      | truemonolith the Deep Elf Conjurer began the quest for the
                  | Orb.
     0 | D:1      | Reached XP level 1. HP: 10/10 MP: 6/6
   307 | D:1      | Found Okiach's Distillery.
   320 | D:1      | Reached XP level 2. HP: 15/15 MP: 6/8
  1281 | D:2      | Reached skill level 4 in Spellcasting
  1425 | D:2      | Reached XP level 3. HP: 19/19 MP: 8/10
  1761 | D:3      | Reached skill level 5 in Spellcasting
  1765 | D:3      | Reached XP level 4. HP: 24/24 MP: 1/13
  2561 | D:3      | Reached skill level 6 in Spellcasting
  2597 | D:2      | Killed from afar by an orc wizard

Illustrated notes

Levels and vault maps discovered:
D:1:      ncdulo_lavacross, layout_basic, serial_shops, nicolae_shop_stone
D:2:      layout_basic
D:3:      layout_loops_ring

Skill      XL: |  1  2  3  4 |
---------------+-------------+-----
Spellcasting   | 4 5 6 |  6.1
Dodging        | |  2.7
Stealth        | |  2.8
Unarmed Combat | |  0.6
Conjurations   | |  4.5

Action                     |  1- 3 |  4- 6 || total
---------------------------+-------+-------++-------
  Melee: Unarmed           |     1 |       ||     1
   Cast: Magic Dart        |    66 |    38 ||   104
    Use: Scroll            |     2 |       ||     2
         Potion            |     1 |       ||     1
 Armour: Robe              |       |     2 ||     2
  Dodge: Dodged            |     6 |     7 ||    13

Table legend: (Time is in decaauts)
 A = Elapsed time spent in this place.
 B = Non-inter-level travel time spent in this place.
 C = Inter-level travel time spent in this place.
 D = Time resting spent in this place.
 E = Time spent auto-exploring this place.
 F = Levels seen in this place.
 G = Mean time per level.
                   A        B        C        D        E       F      G
               +--------+--------+--------+--------+--------+-----+--------+
         Total |   2596 |   2500 |     96 |    388 |   1635 |   3 |  865.3 |
       Dungeon |   2596 |   2500 |     96 |    388 |   1635 |   3 |  865.3 |
               +--------+--------+--------+--------+--------+-----+--------+

Top non-repeatable levels by time:
     D:1: 1125 daAuts
     D:3: 892 daAuts
     D:2: 578 daAuts
